 Dungeon Crawl Stone Soup version 0.30-a0-618-gd6c86c23d0 (webtiles) character file.

Game seed: 12720133683593463076

41 Leeroy the Ruffian (level 3, -4/28 HPs)
             Began as a Draconian Transmuter on Jan 9, 2023.
             Killed from afar by a white imp (10 damage)
             ... with a puff of frost
             ... summoned by Natasha
             ... on level 2 of the Dungeon.
             The game lasted 00:01:45 (1147 turns).

Leeroy the Ruffian (Draconian Transmuter)           Turns: 1147, Time: 00:01:45

Health: -4/28      AC:  5    Str: 14    XL:     3   Next: 32%
Magic:  4/6        EV: 12    Int: 13    God:
Gold:   59         SH:  0    Dex: 11    Spells: 0/6 levels left

rFire   . . .      SeeInvis .      - Unarmed
rCold   . . .      Faith    .    (no shield)
rNeg    . . .      Spirit   .    (body armour unavailable)
rPois   .          Reflect  .    (helmet restricted)
rElec   .          Harm     +    h - scarf {harm}
rCorr   .          Rampage  .    (no gloves)
Will    .....                    (no boots)
Stlth   ++                       (no amulet)
HPRegen 0.24/turn                (no ring)
MPRegen 0.10/turn                (no ring)

@: no status effects
A: AC +5, unfitting armour, cold-blooded
a: no special abilities


You were on level 2 of the Dungeon.
You visited 1 branch of the dungeon, and saw 2 of its levels.

You collected 59 gold pieces.

Inventory:

Hand Weapons
 e - a +0 rapier
Armour
 h - a scarf of harm (worn)
Jewellery
 d - a ring of protection from fire
Scrolls
 b - a scroll of identify {unknown}
 c - a scroll of immolation {unknown}
 f - a scroll of enchant armour {unknown}
 g - a scroll of magic mapping {unknown}
 j - a scroll of fog {unknown}
Potions
 a - a potion of lignification
 i - a potion of heal wounds {unknown}
 k - a potion of mutation {unknown}
 l - a potion of curing {unknown}


   Skills:
 - Level 1.1 Fighting
 - Level 1.7 Dodging
 * Level 1.4 Stealth
 + Level 4.1 Unarmed Combat
 - Level 2.0 Spellcasting
 - Level 2.0 Transmutations


You couldn't memorise any spells.
You knew the following spells:

 Your Spells              Type           Power      Damage    Failure   Level
a - Beastly Appendage     Tmut           12%        N/A       11%         1
b - Wereblood             Tmut           6%         N/A       17%         2
c - Spider Form           Tmut/Pois      3%         N/A       45%         3

Your spell library contained the following spells:

 Spells                   Type           Power      Damage    Failure   Level
 Ice Form                 Ice/Tmut       3%         N/A       86%         4


Dungeon Overview and Level Annotations

Branches:
Dungeon (2/15)

Altars:

Annotations:
D:2 Natasha


Innate Abilities, Weirdness & Mutations

Your plain brown scales are hard. (AC +5)
You cannot fit into any form of body armour.
You are cold-blooded and may be slowed by cold attacks.


Message History

You hit Natasha.
Your tail-slap misses Natasha.
Your punch misses Natasha.
Natasha is lightly wounded.
Natasha mumbles some strange words.
You hit Natasha.
You tail-slap Natasha, but do no damage.
Natasha is lightly wounded.
Natasha claws you.
You miss Natasha.
Natasha is lightly wounded.
The white imp picks up a beetle and eats it.
The white imp closely misses you. Natasha barely misses you.
You hit Natasha.
Natasha is moderately wounded.
The white imp gestures at you. The puff of frost hits you.
Natasha claws you but does no damage.
You closely miss Natasha.
Your tail-slap misses Natasha.
Natasha is moderately wounded.
The white imp closely misses you. Natasha claws you.
You hit Natasha.
Your tail-slap misses Natasha.
Natasha is moderately wounded.
The white imp closely misses you. Natasha claws you but does no damage.
You hit Natasha but do no damage.
Natasha is moderately wounded.
The white imp barely misses you.
Natasha mumbles some strange words.
You hit Natasha.
Natasha is heavily wounded.
The white imp gestures at you. The puff of frost hits you.
You barely miss Natasha.
Natasha is heavily wounded.
Natasha claws you.
* * * LOW HITPOINT WARNING * * *
The crimson imp blinks!
The white imp closely misses you.
You closely miss Natasha.
You tail-slap Natasha, but do no damage.
Natasha is heavily wounded.
Natasha mumbles some strange words.
The white imp gestures at you. The puff of frost hits you!
You die...

###..... ..#.....####### .
#.#...........# ..
.............!+ ...####
#####.#...........#####. .......
...#.# ...............
.......####.#.### #............
..............5@####..)..[.$..!.
..............5.hJ§.............
...###..[.......#####.###.......
...######<#+#.#######.###.$.....
......†.#†#.#.####..............
.......................÷........
........#.......................
..................÷.............
...#######...[..÷........#####..


You could see Natasha, a white imp (summoned), a shadow imp (summoned) and an
endoplasm.

Vanquished Creatures
  2 adders (D:2)
  A dart slug (D:1)
  6 bats
  2 endoplasms
  A giant cockroach (D:1)
  3 goblins
  2 ball pythons (D:2)
  A frilled lizard (D:1)
  A kobold (D:1)
  3 rats (D:1)
22 creatures vanquished.

Notes
Turn   | Place    | Note
-------+----------+-------------------------------------------
     0 | D:1      | Leeroy the Draconian Transmuter began the quest for the
                  | Orb.
     0 | D:1      | Reached XP level 1. HP: 16/16 MP: 3/3
   258 | D:1      | Reached XP level 2. HP: 19/23 MP: 5/5
   826 | D:2      | Reached skill level 1 in Stealth
   900 | D:2      | Reached XP level 3. HP: 28/28 MP: 6/6
   919 | D:2      | Noticed Natasha
   960 | D:2      | Reached skill level 4 in Unarmed Combat
  1114 | D:2      | Learned a level 2 spell: Wereblood
  1118 | D:2      | Learned a level 3 spell: Spider Form
  1147 | D:2      | Killed from afar by a white imp

Illustrated notes

Levels and vault maps discovered:
D:1:      elethiomel_arrival_maze, layout_loops_ring
D:2:      layout_basic, shapermc_ecumenical_altar_mp_highgroup, feat_on_display,
          uniq_natasha

Skill      XL: |  1  2  3 |
---------------+----------+-----
Stealth        | 1 |  1.4
Unarmed Combat | 4 |  4.1
Fighting       | |  1.1
Dodging        | |  1.7
Spellcasting   | |  2.0
Transmutations | |  2.0

Action                   || total
-------------------------++-------
Melee: Unarmed           ||    74
       Tailslap          ||     6
       Kick              ||     3
       Punch             ||     2
       Headbutt          ||     1
 Cast: Beastly Appendage ||     6
Armor: Skin              ||    29
Dodge: Dodged            ||    50

Table legend: (Time is in decaauts)
 A = Elapsed time spent in this place.
 B = Non-inter-level travel time spent in this place.
 C = Inter-level travel time spent in this place.
 D = Time resting spent in this place.
 E = Time spent auto-exploring this place.
 F = Levels seen in this place.
 G = Mean time per level.
                   A        B        C        D        E       F      G
               +--------+--------+--------+--------+--------+-----+--------+
         Total |   1143 |   1118 |     25 |    147 |    751 |   2 |  571.5 |
       Dungeon |   1143 |   1118 |     25 |    147 |    751 |   2 |  571.5 |
               +--------+--------+--------+--------+--------+-----+--------+

Top non-repeatable levels by time:
     D:1: 812 daAuts
     D:2: 331 daAuts
